 Dungeon Crawl Stone Soup version 0.16-a0-3485-gba28155 (webtiles) character file.

125 Stone the Cudgeler (level 4, -31/35 HPs)
             Began as a Mummy Fighter on Jan 3, 2015.
             Killed from afar by a jackal (36 damage)
             ... with an exploding inner flame
             ... hexed by the player character
             ... on level 3 of the Dungeon.
             The game lasted 00:19:49 (2351 turns).

Stone the Cudgeler (Mummy Fighter)                  Turns: 2351, Time: 00:19:49

Health: -31/35     AC: 12    Str: 20    XL:     4   Next: 82%
Magic:  4/4        EV:  4    Int:  7    God:
Gold:   149        SH:  8    Dex: 11    Spells: 0 memorised, 3 levels left

rFire  x . .     SeeInvis .     e - -2 mace
rCold  + . .     Clarity  .     l - +0 plate armour
rNeg   + + +     SustAb   .     c - +0 shield
rPois  ∞         Gourm    .     (no helmet)
rElec  .         Spirit   .     h - +0 cloak
rCorr  .         Warding  .     (no gloves)
rMut   .         Stasis   .     (no boots)
MR     .....                    (no amulet)
Stlth  ..........               (no ring)
                                (no ring)

@: not resistant to hostile enchantments, extremely unstealthy
A: no food or potions, fire vulnerability, restore body, cold resistance 1,
negative energy resistance 3, poison resistance, torment resistance, unbreathing
a: no special abilities


You were on level 3 of the Dungeon.
You were not hungry.

You visited 1 branch of the dungeon, and saw 4 of its levels.

You collected 149 gold pieces.

Inventory:

Hand weapons
 a - a +0 flail
 e - a -2 mace (weapon)
Armour
 b - a +0 scale mail
 c - a +0 shield (worn)
 d - a +0 plate armour
 h - a +0 cloak (worn)
 k - a +0 ring mail
 l - a +0 plate armour (worn)
Scrolls
 g - a scroll of random uselessness
 i - a scroll of noise
 j - a scroll of remove curse


   Skills:
 - Level 3.0 Fighting
 + Level 3.2 Maces & Flails
 + Level 0.4 Throwing
 - Level 2.4 Armour
 - Level 2.2 Dodging
 - Level 2.4 Shields


You had 3 spell levels left.
You didn't know any spells.

Dungeon Overview and Level Annotations

Branches:
Dungeon (4/15)
 Temple: D:4-7

Altars:
Cheibriados
Fedhas
Makhleb
Nemelex Xobeh
Trog

Annotations:
D:4 Natasha


Innate Abilities, Weirdness & Mutations

You do not eat or drink.
Your flesh is vulnerable to fire.
Your flesh is cold resistant.
You are immune to negative energy.
Your system is resistant to poisons.
You are immune to unholy pain and torment.
You can survive without breathing.


Message History

The giant frog skeleton hits you but does no damage.
The adder bites the jackal.
The jackal is poisoned.
The adder poisons the jackal!
There is a stone staircase leading up here.
The giant frog skeleton hits you but does no damage.
The adder closely misses the kobold.
The giant frog skeleton hits you.
* * * LOW HITPOINT WARNING * * *
The jackal bites you but does no damage.
You climb upwards.
There is a stone staircase leading down here.
Unknown command.
You hit the jackal.
The jackal is almost dead.
The jackal bites you but does no damage.
You block the jackal's attack.
You hit the jackal.
The jackal explodes!
The fiery explosion engulfs you! The fire burns you terribly!
Ouch! That really hurt!
You die...

# ##...## ##.######
# ##.## #.# # ###
#.# #.# #.# #.# #.#
######### #.#
#.§@....# #.# ######
#§#####.###.###.....
#.##............####
##.##.##.##...####
#........#...^.#
#.....#.###...##
#..####.# ##.##
#.......# #.#
##.###### #(#


There were no monsters in sight!

Vanquished Creatures
  An iguana (D:4)
  An orc wizard (D:3)
  4 adders
  2 giant geckos
  2 oozes
  4 orcs
  2 ball pythons
  2 giant cockroaches
  5 goblins
  7 hobgoblins
  3 jackals (D:1)
  5 kobolds
  A quokka (D:3)
  8 bats
  2 giant newts (D:1)
  8 rats
  2 plants (D:1)
59 creatures vanquished.

Notes
Turn   | Place    | Note
--------------------------------------------------------------
     0 | D:1      | Stone, the Mummy Fighter, began the quest for the Orb.
     0 | D:1      | Reached XP level 1. HP: 18/18 MP: 1/1
   212 | D:1      | Reached XP level 2. HP: 13/24 MP: 2/2
   389 | D:1      | Reached skill level 1 in Dodging
   883 | D:2      | Found a blossoming altar of Fedhas.
   892 | D:2      | Reached XP level 3. HP: 22/29 MP: 3/3
  1222 | D:2      | Found a sparkling altar of Nemelex Xobeh.
  1330 | D:2      | Found a bloodstained altar of Trog.
  1333 | D:2      | Found a burning altar of Makhleb.
  1666 | D:3      | Reached XP level 4. HP: 25/35 MP: 4/4
  1763 | D:3      | Found a snail-covered altar of Cheibriados.
  2290 | D:4      | Noticed Natasha
  2304 | D:4      | Noticed a phantom
  2351 | D:3      | Killed from afar by a jackal

Action                   |  1- 3 |  4- 6 || total
-------------------------+-------+-------++-------
Melee: Flail             |    15 |       ||    15
       Mace              |   306 |   120 ||   426
Throw: Javelin           |       |     6 ||     6
  Use: Scroll            |     5 |     1 ||     6
